 Dungeon Crawl Stone Soup version 0.28.0-43-g3370ac3207 (webtiles) character file.

Game seed: 4180490909967376105

1865 DearestLeader the Cleaver (level 8, -1/66 HPs)
             Began as a Minotaur Fighter on Mar 11, 2022.
             Slain by a wight
             ... wielding a +3 scimitar
              (12 damage)
             ... on level 7 of the Dungeon.
             The game lasted 00:10:18 (6211 turns).

DearestLeader the Cleaver (Minotaur Fighter)        Turns: 6211, Time: 00:10:19

Health: -1/66      AC:  9    Str: 22    XL:     8   Next: 90%
Magic:  7/7        EV: 10    Int:  5    God:
Gold:   173        SH:  4    Dex: 11    Spells: 7/7 levels left

rFire   + . .      SeeInvis .   w - +4 flail (protect)
rCold   . . .      Faith    .   c - +0 buckler
rNeg    . . .      Spirit   .   v - +2 scale mail {rF+}
rPois   .          Reflect  .   (helmet restricted)
rElec   .          Harm     .   (no cloak)
rCorr   .          Rampage  .   (no gloves)
Will    .....                   (no boots)
Stlth   ..........              l - amulet of magic regeneration
HPRegen 0.21/turn               (no ring)
MPRegen 0.50/turn               (no ring)

@: no status effects
A: horns 2, retaliatory headbutt, iridescent scales 1, deformed body, MP-powered
wands
a: no special abilities


You were on level 7 of the Dungeon.
You visited 1 branch of the dungeon, and saw 7 of its levels.

You collected 173 gold pieces.

Inventory:

Hand Weapons
 a - a +0 war axe
 w - a +4 flail of protection (weapon)
Missiles
 k - 10 silver boomerangs (quivered)
 B - a throwing net
Armour
 b - a +0 scale mail
 c - a +0 buckler (worn)
 p - a +0 chain mail
 v - a +2 scale mail of fire resistance (worn)
Jewellery
 l - an amulet of magic regeneration (around neck)
 u - a ring of ice
Wands
 q - a wand of iceblast (6)
 r - a wand of polymorph (3)
 x - a wand of flame (17)
 A - a wand of mindburst (15)
Scrolls
 e - 2 scrolls of blinking
 f - 3 scrolls of immolation
 h - 2 scrolls of amnesia
 i - 6 scrolls of vulnerability
 t - a scroll of magic mapping {unknown}
 z - 2 scrolls of teleportation {unknown}
Potions
 d - 2 potions of might
 g - a potion of degeneration
 j - a potion of curing
 m - a potion of heal wounds
 n - a potion of attraction


   Skills:
 - Level 4.0 Fighting
 * Level 11.4 Axes
 + Level 8.2 Armour
 - Level 2.0 Dodging
 - Level 4.0 Shields


You had 7 spell levels left.
You didn't know any spells.
Your spell library contained the following spells:

 Spells                   Type           Power      Damage    Failure   Level
 Apportation              Tloc           0%         N/A       85%         1
 Alistair's Intoxication  Tmut/Pois      0%         N/A       100%        5


Dungeon Overview and Level Annotations

Branches:
Dungeon (7/15)
 Temple: D:4-7

Altars:

Shops:
D:3 *

Annotations:
D:3 2 transporters, Tinylith's ghost, amateur DsBe
D:6 Maggie


Innate Abilities, Weirdness & Mutations

You have a pair of horns on your head.
You reflexively headbutt those who attack you in melee.
You are partially covered in iridescent scales. (AC +2)
Armour fits poorly on your strangely shaped body.
You expend magic power (3 MP) to strengthen your wands.


Message History

The wight is lightly damaged.
The wight hits you with a +4 short sword.
You barely miss the wight.
The wight is lightly damaged.
The wight closely misses you. You furiously retaliate!
You headbutt the wight. You closely miss the wight. You headbutt the wight.
The wight is heavily damaged.
The wight hits you but does no damage.
A wight comes into view. It is wielding a +3 scimitar.
You closely miss the wight. Your headbutt misses the wight.
The wight is heavily damaged.
You block the wight's attack.
You closely miss the wight.
The wight is heavily damaged.
The wight misses you. You furiously retaliate!
You headbutt the wight, but do no damage.
You block the wight's attack.
You hit the wight but do no damage.
Your weapon exudes an aura of protection.
The wight is heavily damaged.
The wight hits you with a +4 short sword.
You feel drained.
You hit the wight.
The wight is almost destroyed.
The wight barely misses you.
You closely miss the wight.
The wight is almost destroyed.
The wight hits you with a +4 short sword.
You hit the wight.
You destroy the wight!
Your life force feels restored.
You barely miss the wight. The wight hits you but does no damage.
You hit the wight but do no damage. The wight hits you with a +3 scimitar!
* * * LOW HITPOINT WARNING * * *
You closely miss the wight. You headbutt the wight.
The wight is moderately damaged.
The wight hits you with a +3 scimitar.
* * * LOW HITPOINT WARNING * * *
The wight hits you with a +3 scimitar!
You die...

.............
......#######
..#..........
#.#(..####### #
#.#...####### .#.####
.............
.......########
#.#..........
#..@......h...
####.#################.###
................@z...)...#
####.......############..#
#######.# #..# #.# #..#
#.# #..# ... ##.# ... ..
#.... .. #.... ...


You could see a wight.

Vanquished Creatures
  Joseph (D:7)
  Grinder (D:3)
  Menkaure (D:3)
  Edmund (D:5)
  2 black bears
  2 ogres
  A water moccasin skeleton (D:5)
  A wight (D:7)
  A howler monkey (D:5)
  3 hounds
  A gnoll shaman (D:5)
  A bullfrog skeleton (D:5)
  3 orc priests (D:5)
  An iguana (D:4)
  3 orc wizards (D:5)
  A hound skeleton (D:5)
  Robin (D:3)
  9 gnolls
  6 adders
  An ufetubus (D:5)
  2 worms (D:4)
  5 dart slugs
  18 orcs
  8 endoplasms
  A giant cockroach (D:3)
  11 goblins
  10 hobgoblins
  2 jackals (D:5)
  3 quokkas
  7 ball pythons
  3 bats
  6 frilled lizards
  4 kobolds
  A quokka skeleton (D:4)
  2 rats (D:3)
124 creatures vanquished.

Notes
Turn   | Place    | Note
-------+----------+-------------------------------------------
     0 | D:1      | DearestLeader the Minotaur Fighter began the quest for the
                  | Orb.
     0 | D:1      | Reached XP level 1. HP: 19/19 MP: 0/0
   492 | D:1      | Reached XP level 2. HP: 17/27 MP: 1/1
   774 | D:1      | Reached skill level 3 in Axes
  1064 | D:2      | Found a faded altar of an unknown god.
  1076 | D:2      | Reached skill level 1 in Dodging
  1088 | D:2      | Reached XP level 3. HP: 33/33 MP: 2/2
  1663 | D:3      | Reached XP level 4. HP: 32/40 MP: 3/3
  1824 | D:2      | Reached skill level 4 in Axes
  2172 | D:3      | Found Gucwourr's Assorted Antiques.
  2239 | D:3      | Noticed Robin
  2268 | D:3      | Killed Robin
  2565 | D:3      | Reached skill level 5 in Axes
  2683 | D:3      | Found a transporter.
  2709 | D:3      | Found a transporter.
  2714 | D:3      | Noticed Tinylith's ghost (amateur DsBe)
  2748 | D:3      | You fall into a shaft and drop 2 floors!
  2748 | D:5      | Entered Level 5 of the Dungeon
  2755 | D:5      | Reached XP level 5. HP: 46/46 MP: 4/4
  2898 | D:3      | Noticed Grinder
  2902 | D:3      | Paralysed by Grinder for 6 turns
  2968 | D:3      | Killed Grinder
  2969 | D:3      | Reached skill level 6 in Axes
  2969 | D:3      | Reached XP level 6. HP: 29/52 MP: 5/5
  3452 | D:4      | Reached skill level 7 in Axes
  3452 | D:4      | Reached skill level 5 in Armour
  3672 | D:4      | Noticed Edmund
  3673 | D:4      | Noticed Menkaure
  3699 | D:5      | Killed Edmund
  3700 | D:5      | Reached XP level 7. HP: 22/59 MP: 6/6
  3719 | D:5      | Reached skill level 8 in Axes
  4236 | D:5      | Reached skill level 9 in Axes
  4642 | D:5      | Reached XP level 8. HP: 41/66 MP: 7/7
  5220 | D:3      | Killed Menkaure
  5620 | D:4      | Reached skill level 10 in Axes
  6048 | D:6      | Noticed Maggie
  6051 | D:6      | Gained mutation: Armour fits poorly on your strangely
                  | shaped body. [potion of mutation]
  6051 | D:6      | Gained mutation: You expend magic power (3 MP) to
                  | strengthen your wands. [potion of mutation]
  6051 | D:6      | Gained mutation: You are partially covered in iridescent
                  | scales. (AC +2) [potion of mutation]
  6173 | D:7      | Noticed Joseph
  6189 | D:7      | Killed Joseph
  6190 | D:7      | Reached skill level 11 in Axes
  6211 | D:7      | Slain by a wight

Illustrated notes

Levels and vault maps discovered:
D:1:      minmay_arrival_jagged, layout_loops_corners
D:2:      layout_basic, nicolae_ecumenical_oubliette, grunt_decor_resistance
D:3:      layout_basic, serial_shops, nicolae_shop_trees,
          gammafunk_ghost_mausoleum, serial_co_window_serial, co_window_cross_1,
          co_window_of_opportunity_a, co_window_paths_b, co_window_cross_1,
          co_window_paths_b, co_window_of_opportunity_b, co_window_corner_ca,
          co_window_corner_cb, co_window_unsneaky_path_e, co_window_paths_c,
          uniq_robin, uniq_grinder
D:4:      layout_basic, uniq_menkaure, uniq_edmund
D:5:      layout_cave_pools
D:6:      layout_loops_cross, minmay_temple_entry_wispy, uniq_maggie,
          uniq_duvessa
D:7:      layout_basic, nicolae_overflow_hidden_temple, uniq_harold, uniq_joseph

Skill      XL: |  1  2  3  4  5  6  7  8 |
---------------+-------------------------+-----
Axes           | 3 5 6 7 9 11 | 11.4
Dodging        | 1 2 |  2.0
Shields        | 4 |  4.0
Fighting       | 4 |  4.0
Armour         | 4 5 6 8 |  8.2

Action                   |  1- 3 |  4- 6 |  7- 9 || total
-------------------------+-------+-------+-------++-------
Melee: War axe           |    57 |   102 |    18 ||   177
       Headbutt          |     8 |    15 |    34 ||    57
       Unarmed           |       |     5 |       ||     5
       Flail             |       |       |   129 ||   129
Evoke: Wand              |       |     3 |       ||     3
  Use: Scroll            |       |     5 |     5 ||    10
       Potion            |       |       |     2 ||     2
 Stab: Distracted        |       |     1 |       ||     1
Armor: Scale mail        |    26 |    21 |    81 ||   128
       Chain mail        |       |    22 |       ||    22
Dodge: Dodged            |    30 |    62 |    71 ||   163
Block: Buckler           |    19 |    18 |    22 ||    59
